 Dungeon Crawl Stone Soup version 0.13-a0-2561-ge340899 (webtiles) character file.

3039 Kae the Conjurer (level 9, -1/45 HPs)
             Began as a Tengu Fire Elementalist on July 30, 2013.
             Was a Believer of Vehumet.
             Shot with an arrow of flame by a centaur (4 damage)
             ... on Level 8 of the Dungeon.
             The game lasted 00:17:34 (10632 turns).

Kae the Conjurer (Tengu Fire Elementalist)         Turns: 10632, Time: 00:17:34

HP  -1/45        AC  1     Str  9      XL: 9   Next: 62%
MP  13/23        EV 12     Int 18      God: Vehumet [**....]
Gold 396         SH  0     Dex 15      Spells:  5 memorised,  4 levels left

Res.Fire  : . . .   See Invis. : .   x - -1,+2 orc trident (slay drac)
Res.Cold  : . . .   Warding    : .   a - -1 robe
Life Prot.: . . .   Conserve   : .   (no shield)
Res.Poison: .       Res.Corr.  : .   n - +0 cap
Res.Elec. : .       Clarity    : .   (no cloak)
Sust.Abil.: . .     Spirit.Shd : .   (no gloves)
Res.Mut.  : .       Stasis     : .   (boots unavailable)
Res.Rott. : .       Flight     : .   (no amulet)
Saprovore : . . .                    (no ring)
                                     (no ring)

@: slightly resistant to hostile enchantments, fairly stealthy
A: able to fly, beak, talons 3
a: Fly, Renounce Religion


You were on level 8 of the Dungeon.
You worshipped Vehumet.
Vehumet was most pleased with you.
You were not hungry.

You visited 2 branches of the dungeon, and saw 9 of its levels.

You collected 502 gold pieces.
You spent 126 gold pieces at shops.

Inventory:

Hand weapons
 h - a +0,+1 dwarven mace
 r - a +1,+0 elven sabre
 x - a -1,+2 orcish trident of dragon slaying (weapon)
Missiles
 o - 6 steel darts (quivered)
Armour
 a - a -1 robe (worn)
 n - a +0 cap (worn)
Magical devices
 q - a wand of enslavement (18)
 A - a wand of lightning (1)
Comestibles
 c - 3 bread rations
 k - 2 apples
 m - 11 chokos
 u - a pear
Scrolls
 d - a scroll of recharging
 f - 2 scrolls of remove curse
 g - 7 scrolls of identify
 i - a scroll of fog {unknown}
 p - a scroll of blinking
 s - a scroll of enchant weapon II {unknown}
 v - a scroll of amnesia
 w - a scroll of magic mapping
 y - a scroll of summoning {unknown}
Jewellery
 t - an uncursed amulet of clarity {unknown}
Potions
 e - a potion of brilliance
 j - 2 potions of curing
Books
 b - a book of Flames

   Spells                             Type                      Level
   *Flame Tongue                      Conjuration/Fire             1
   *Throw Flame                       Conjuration/Fire             2
   *Conjure Flame                     Conjuration/Fire             3
   Inner Flame                        Hexes/Fire                   3
   *Sticky Flame                      Conjuration/Fire             4
   *Fireball                          Conjuration/Fire             5
 l - Azrael's Collected Works on Torrid Conjuration
   (You found it on level 8 of the Dungeon)

   Spells                             Type                      Level
   *Sticky Flame                      Conjuration/Fire             4
   *Fireball                          Conjuration/Fire             5
   Delayed Fireball                   Conjuration/Fire             7


   Skills:
 - Level 2.1 Dodging
 - Level 2.0 Stealth
 + Level 5.9 Spellcasting
 * Level 11.5 Conjurations
 + Level 7.9 Fire Magic


You had 4 spell levels left.
You knew the following spells:

 Your Spells              Type           Power        Failure   Level  Hunger
a - Flame Tongue          Conj/Fire      #####        1%          1    None
b - Throw Flame           Conj/Fire      #####.       1%          2    None
c - Conjure Flame         Conj/Fire      #####...     1%          3    ##.....
d - Sticky Flame          Conj/Fire      #####...     2%          4    ####...
e - Fireball              Conj/Fire      #####.....   8%          5    #####..


Dungeon Overview and Level Annotations

Branches:
Dungeon (8/27)             Temple (1/1) D:6
    Orc: D:6-11        Lair: D:8-13

Altars:
Ashenzari
Cheibriados
Elyvilon
Fedhas
Kikubaaqudgha
Makhleb
Nemelex Xobeh
Okawaru
Sif Muna
Trog
Vehumet
Xom
Yredelemnul
Zin
the Shining One

Shops:
D:4: ?

Annotations
D:6 exclusion: oklob plant


Innate Abilities, Weirdness & Mutations

You can fly.
You have a beak for a mouth.
You have claws for feet.


Message History

Casting: Throw Flame
Confirm with . or Enter, or press ? or * to list all spells.
Aiming: Throw Flame
Press: ? - help, Shift-Dir - straight line, f/p - centaur
Aim: a centaur, wielding a bow (heavily wounded)
The puff of flame hits the centaur.
The centaur is almost dead.
The centaur shoots an arrow of flame.
The arrow of flame hits you!
* * * LOW HITPOINT WARNING * * *
Casting: Throw Flame
Confirm with . or Enter, or press ? or * to list all spells.
Aiming: Throw Flame
Press: ? - help, Shift-Dir - straight line, f/p - centaur
Aim: a centaur, wielding a bow (almost dead)
The puff of flame hits the centaur.
The centaur is almost dead.
The centaur shoots an arrow of flame.
The arrow of flame hits you!
One of your 3 scrolls of remove curse catches fire!
One of your 8 scrolls of identify catches fire!
You die...

###.#............##
##......%.......##
##.#............#
####...........##
##.#...........## ###
#...#.......#### ##.###
##...........##
#....###.............#
##....#....@.........# #
#...###.###(.......## ##
##....######...c....## .#
#......####..........##. ##
##.#....#.................
### ####..#....>......#..#.#
#.## ##.#.#..#...........#
...# ###..................##
..#####.#.................##


You could see a centaur.

Vanquished Creatures
  A steam dragon (D:7)
  A hungry ghost (D:8)
  2 orc warriors (D:6)
  2 ice beasts
  3 centaurs
  4 ogres
  A water moccasin (D:6)
  3 giant frogs
  A giant goldfish zombie (D:4)
  A yak skeleton (D:7)
  4 killer bees (D:8)
  A hippogriff skeleton (D:6)
  A goliath beetle (D:7)
  3 crimson imps
  A giant frog zombie (D:6)
  An orc priest (D:6)
  3 hounds
  A scorpion (D:6)
  An orc wizard (D:6)
  2 iguanas
  3 worker ants
  An ogre skeleton (D:5)
  9 adders
  A big fish zombie (D:4)
  18 gnolls
  A worm (D:6)
  A giant eyeball (D:4)
  An iguana skeleton (D:4)
  6 giant geckos
  An ooze (D:6)
  14 orcs
  16 bats
  A bat zombie (D:6)
  5 giant cockroaches
  10 hobgoblins
  13 jackals
  4 quokkas
  A ball python (D:2)
  3 giant newts
  7 goblins
  2 goblin skeletons (D:5)
  A jackal skeleton (D:7)
  13 kobolds
  A kobold skeleton (D:6)
  An orc skeleton (D:6)
  A quokka skeleton (D:4)
  9 rats
181 creatures vanquished.

Notes
Turn   | Place    | Note
--------------------------------------------------------------
     0 | D:1      | Kae, the Tengu Fire Elementalist, began the quest for the Orb.
     0 | D:1      | Reached XP level 1. HP: 10/10 MP: 3/3
   122 | D:1      | Reached XP level 2. HP: 15/15 MP: 0/5
   322 | D:1      | Paralysed by a potion of paralysis for 2 turns
   545 | D:1      | Reached XP level 3. HP: 17/19 MP: 7/7
  1727 | D:2      | Reached XP level 4. HP: 12/24 MP: 5/9
  1809 | D:2      | Found a deep blue altar of Sif Muna.
  2259 | D:3      | Noticed a giant frog
  2262 | D:3      | Killed a giant frog
  2262 | D:3      | Reached skill level 4 in Conjurations
  2262 | D:3      | Reached XP level 5. HP: 28/28 MP: 8/11
  2271 | D:3      | Learned a level 2 spell: Throw Flame
  2275 | D:3      | Learned a level 3 spell: Conjure Flame
  3674 | D:4      | Reached skill level 5 in Conjurations
  3674 | D:4      | Reached XP level 6. HP: 13/32 MP: 11/14
  3884 | D:4      | Noticed an ogre
  3891 | D:4      | Killed an ogre
  4058 | D:4      | Reached skill level 6 in Conjurations
  4063 | D:4      | Reached skill level 5 in Fire Magic
  4210 | D:4      | Found a basalt altar of Yredelemnul.
  4239 | D:4      | Found Greintoi's Magic Scroll Shop.
  4249 | D:4      | Bought a scroll of magic mapping for 38 gold pieces
  4249 | D:4      | Bought a scroll of identify for 22 gold pieces
  4249 | D:4      | Bought a scroll of identify for 22 gold pieces
  4249 | D:4      | Bought a scroll of identify for 22 gold pieces
  4249 | D:4      | Bought a scroll of identify for 22 gold pieces
  4373 | D:4      | Reached XP level 7. HP: 36/36 MP: 13/16
  4508 | D:5      | Entered Level 5 of the Dungeon
  5114 | D:5      | Learned a level 4 spell: Sticky Flame
  5195 | D:5      | Reached skill level 7 in Conjurations
  5479 | D:6      | Found a staircase to the Ecumenical Temple.
  5510 | D:6      | Found a shimmering altar of Xom.
  5761 | Temple   | Entered the Ecumenical Temple
  6225 | Temple   | Became a worshipper of Vehumet
  6594 | D:6      | Reached XP level 8. HP: 22/41 MP: 12/19
  6744 | D:6      | Noticed an oklob plant
  6745 | D:6      | Found a deep blue altar of Sif Muna.
  6984 | D:6      | Reached skill level 8 in Conjurations
  7382 | D:6      | Acquired Vehumet's first power
  7382 | D:6      | Offered knowledge of Sandblast by Vehumet.
  7395 | D:6      | Learned a level 5 spell: Fireball
  7575 | D:6      | Reached skill level 9 in Conjurations
  7920 | D:6      | Found a burning altar of Makhleb.
  8608 | D:7      | Reached skill level 10 in Conjurations
  8615 | D:7      | Reached skill level 5 in Spellcasting
  8775 | D:7      | Reached XP level 9. HP: 45/45 MP: 22/22
  8914 | D:7      | Offered knowledge of Magic Dart by Vehumet.
  9618 | D:7      | Reached skill level 11 in Conjurations
  9766 | D:8      | Identified Azrael's Collected Works on Torrid Conjuration
 10632 | D:8      | Shot with an arrow of flame by a centaur

Action                   |  1- 3 |  4- 6 |  7- 9 || total
-------------------------+-------+-------+-------++-------
Melee: Unarmed           |     8 |       |       ||     8
       Mace              |    66 |     2 |       ||    68
       Sabre             |       |     2 |    39 ||    41
       Trident           |       |       |    47 ||    47
 Cast: Flame Tongue      |    29 |    98 |   202 ||   329
       Throw Flame       |       |     1 |    48 ||    49
       Conjure Flame     |       |     2 |     8 ||    10
       Sticky Flame      |       |       |     9 ||     9
       Fireball          |       |       |     2 ||     2
 Abil: Fly               |       |       |     2 ||     2
Evoke: Wand              |       |       |     4 ||     4
  Use: Potion            |     5 |     2 |     5 ||    12
       Scroll            |     3 |     3 |     5 ||    11
 Stab: Sleeping          |     2 |       |       ||     2
       Distracted        |       |       |     1 ||     1
